 Dungeon Sprint DCSS version 0.21-a0-221-gfe971b9 (webtiles) character file.

1202 potatolord6000 the Fighter (level 8, -9/70 HPs)
             Began as a Demonspawn Fighter on Aug 25, 2017.
             Was an Initiate of Qazlal.
             Mangled by Snorg (15 damage)
             ... in the Dungeon (Sprint III: "The Ten Rune Challenge").
             The game lasted 00:04:30 (449 turns).

potatolord6000 the Fighter (Demonspawn Fighter)      Turns: 449, Time: 00:04:31

Health: -9/70      AC: 11    Str: 18    XL:     8   Next: 21%
Magic:  19/19      EV:  8    Int: 16    God:    Qazlal [......]
Gold:   22         SH: 11    Dex: 12    Spells: 21/21 levels left

rFire    + + .     SeeInvis .   a - +1 long sword
rCold    + . .     Gourm    .   c - +0 shield
rNeg     . . .     Faith    .   b - +0 scale mail
rPois    +         Spirit   .   (helmet restricted)
rElec    +         Reflect  .   (no cloak)
rCorr    +         Harm     .   (no gloves)
MR       +....     NoTele   +   (no boots)
Stlth    ..........             (no amulet)
HPRegen  0.21/turn              m - +2 ring of slaying
MPRegen  0.16/turn              (no ring)

@: brilliant, resistant, flying
A: antennae 2, beak, yellow scales 2, fire resistance 1, magic resistance 1
a: Renounce Religion


You were in the Dungeon.
You worshipped Qazlal.
Qazlal was noncommittal.
You were not hungry.

You visited 1 branch You collected 22 gold pieces.

Inventory:

Hand Weapons
 a - a +1 long sword (weapon)
Armour
 b - a +0 scale mail (worn)
 c - a +0 shield (worn)
Jewellery
 m - a +2 ring of slaying (left hand)
Scrolls
 k - 2 scrolls of blinking
 o - 4 scrolls of remove curse
Potions
 e - a potion of curing
 g - a potion of heal wounds
 i - 2 potions of magic
Comestibles
 f - 2 bread rations
 p - 2 royal jellies


   Skills:
 + Level 8.8 Fighting
 + Level 7.7 Long Blades
 + Level 8.0 Armour
 + Level 8.0 Shields
 + Level 7.3 Spellcasting


You had 21 spell levels left.
You didn't know any spells.

Dungeon Overview and Level Annotations

Branches:
Dungeon (1/1)

Altars:
Cheibriados
Dithmenos
Elyvilon
Fedhas
Gozag
Hepliaklqana
Kikubaaqudgha
Makhleb
Nemelex Xobeh
Okawaru
Qazlal
Ru
Sif Muna
Trog
Uskayaw
Vehumet
Wu Jian
Xom
Yredelemnul
Zin
The Shining One
Beogh
Jiyva
Lugonu

Shops:
D ?

Annotations:
D Snorg


Innate Abilities, Weirdness & Mutations

You have a pair of antennae on your head.
You are mostly covered in yellow scales. (AC +3)
You have a beak for a mouth.
Your flesh is heat resistant. (rF+)
You are resistant to hostile enchantments. (MR+)


Message History

You hear a shout! x4
It was a potion of flight.
You feel very buoyant.
You fly up into the air.
The orc warrior closely misses you. The orc completely misses you.
You block Snorg's attack. Snorg claws you. Snorg closely misses you.
You barely miss Snorg.
Snorg is lightly wounded.
The orc warrior hits you with a mace of holy wrath.
You convulse.
Snorg goes berserk!
The orc barely misses you.
You slash Snorg!
Snorg is lightly wounded.
The orc warrior hits you with a mace of holy wrath!
* * * LOW HITPOINT WARNING * * *
You convulse.
* * * LOW HITPOINT WARNING * * *
You block Snorg's attack. Snorg claws you!
* * * LOW HITPOINT WARNING * * *
Snorg claws you!
You die...

##.############
#..#___#___#__#$#∩#
#..#...#__.#/_#$$.
#..###'#'###)##$..
#..#.)........#.{ {{{
...'.⌠........#${{{{
...#...######'#o#
...#.⌠.#__#...#o#####
...#...#_v#...#o@§§≈+
...#)###__#...#.#T§§#
...#.::#v{#...+.#.§§#
...#___#__+...#.#§.§#
▓▓▓▓▓▓▓▓▓▓▓▓▓▓▓▓▓▓▓▓▓
{ { {{ {


You could see Snorg (berserk), an orc warrior, an orc priest and an orc.

Vanquished Creatures
  A deep elf mage (D)
  A shadow (D)
  A necrophage (D)
  A water elemental (D)
  A scorpion (D)
  A jelly (D)
  A wizard (D)
  Jessica (D)
  A necromancer (D)
  3 humans (D)
  A kobold demonologist (D)
  2 oozes (D)
15 creatures vanquished.

Vanquished Creatures (others)
  2 draconian scorchers (D)
  6 hellions (D)
  A yaktaur (D)
9 creatures vanquished.

Grand Total: 24 creatures vanquished

Notes
Turn   | Place    | Note
-------+----------+-------------------------------------------
     0 | D        | potatolord6000 the Demonspawn Fighter began the quest for the Orb.
     0 | D        | Reached XP level 1. HP: 18/18 MP: 1/1
    11 | D        | Reached skill level 1 in Spellcasting
    18 | D        | Gained mutation: You are partially covered in yellow scales. (AC +2) [demonic ancestry]
    18 | D        | Reached XP level 2. HP: 24/24 MP: 1/3
    38 | D        | Noticed Jessica
    55 | D        | Killed Jessica
    55 | D        | Gained mutation: You are mostly covered in yellow scales. (AC +3) [demonic ancestry]
    55 | D        | Reached XP level 3. HP: 30/30 MP: 3/6
    84 | D        | Noticed a scorpion
    86 | D        | Killed a scorpion
    86 | D        | Reached XP level 4. HP: 38/38 MP: 6/8
    93 | D        | Reached skill level 5 in Fighting
    97 | D        | Killed a hellion
    99 | D        | Noticed a water elemental
    99 | D        | Killed a hellion
    99 | D        | Killed a hellion
    99 | D        | Killed a hellion
    99 | D        | Killed a hellion
   100 | D        | Killed a hellion
   103 | D        | Killed a water elemental
   103 | D        | Reached skill level 5 in Armour
   103 | D        | Reached skill level 5 in Shields
   103 | D        | Reached XP level 5. HP: 44/45 MP: 8/11
   127 | D        | Killed a white draconian scorcher
   130 | D        | Found a glowing silver altar of Zin.
   130 | D        | Found a glowing golden altar of the Shining One.
   130 | D        | Found a white marble altar of Elyvilon.
   131 | D        | Noticed a deep elf mage
   143 | D        | Killed a deep elf mage
   143 | D        | Gained mutation: You have a pair of small antennae on your head. [demonic ancestry]
   143 | D        | Reached XP level 6. HP: 31/55 MP: 12/15
   143 | D        | Gained mutation: You have a pair of antennae on your head. [demonic ancestry]
   143 | D        | Reached XP level 7. HP: 34/60 MP: 12/16
   143 | D        | Killed a white draconian scorcher
   151 | D        | Found a radiant altar of Vehumet.
   151 | D        | Found a deep blue altar of Sif Muna.
   151 | D        | Found an ancient bone altar of Kikubaaqudgha.
   169 | D        | Found an ornate altar of the Wu Jian Council.
   169 | D        | Found a roughly hewn altar of Beogh.
   169 | D        | Found an iron altar of Okawaru.
   169 | D        | Found a bloodstained altar of Trog.
   169 | D        | Found a hide-covered altar of Uskayaw.
   169 | D        | Noticed a human
   171 | D        | Noticed a human
   174 | D        | Killed a human
   179 | D        | Killed a human
   271 | D        | Killed a yaktaur
   387 | D        | Gained mutation: You are frail. (-10% HP) [potion of mutation]
   387 | D        | Gained mutation: You have a beak for a mouth. [potion of mutation]
   387 | D        | Gained mutation: Your muscles are strong. (Str +2) [potion of mutation]
   387 | D        | Gained mutation: You possess an exceptional clarity of mind. [potion of mutation]
   388 | D        | Lost mutation: You are frail. (-10% HP) [potion of mutation]
   388 | D        | Lost mutation: You possess an exceptional clarity of mind. [potion of mutation]
   388 | D        | Lost mutation: Your muscles are strong. (Str +2) [potion of mutation]
   388 | D        | Gained mutation: You possess an exceptional clarity of mind. [potion of mutation]
   388 | D        | Gained mutation: You have large cloven feet. [potion of mutation]
   389 | D        | Lost mutation: You possess an exceptional clarity of mind. [potion of mutation]
   389 | D        | Lost mutation: You have large cloven feet. [potion of mutation]
   389 | D        | Gained mutation: Your flesh is heat resistant. (rF+) [potion of mutation]
   389 | D        | Gained mutation: You are resistant to hostile enchantments. (MR+) [potion of mutation]
   393 | D        | Found a basalt altar of Yredelemnul.
   393 | D        | Found a shadowy altar of Dithmenos.
   393 | D        | Found a sacrificial altar of Ru.
   400 | D        | Reached XP level 8. HP: 64/69 MP: 18/18
   419 | D        | Found a blossoming altar of Fedhas.
   419 | D        | Found a stormy altar of Qazlal.
   419 | D        | Found a snail-covered altar of Cheibriados.
   419 | D        | Found a burning altar of Makhleb.
   419 | D        | Found a shimmering altar of Xom.
   420 | D        | Found a hazy altar of Hepliaklqana.
   420 | D        | Found an opulent altar of Gozag.
   420 | D        | Found a sparkling altar of Nemelex Xobeh.
   420 | D        | Found a corrupted altar of Lugonu.
   420 | D        | Found a viscous altar of Jiyva.
   423 | D        | Became a worshipper of Qazlal Stormbringer
   441 | D        | Found Maresyda's Magic Scroll Emporium.
   442 | D        | Noticed Snorg
   449 | D        | Mangled by Snorg

Vault maps used:
D:        dungeon_sprint_mu

Skill      XL: |  1  2  3  4  5  6  7  8 |
---------------+-------------------------+-----
Long Blades    | 2 3 4 6 7 |  7.7
Armour         | 3 4 5 6 7 8 |  8.0
Shields        | 3 4 5 6 7 8 |  8.0
Spellcasting   | 1 2 3 4 6 7 |  7.3
Fighting       | 4 5 7 8 |  8.8

Action                   |  1- 3 |  4- 6 |  7- 9 || total
-------------------------+-------+-------+-------++-------
Melee: Long sword        |    13 |    15 |    29 ||    57
       Peck              |       |       |     2 ||     2
  Use: Potion            |     1 |     2 |     7 ||    10
       Scroll            |       |     3 |       ||     3
Armor: Scale mail        |     5 |     5 |     9 ||    19
Dodge: Dodged            |     9 |     3 |    16 ||    28
Block: Shield            |     8 |     4 |    18 ||    30
       Rpst.: Long sword |     1 |     2 |     2 ||     5

Table legend:
 A = Spawn XP
 B = Non-spawn XP
 C = Spawn XP percentage of total XP
 D = Spawn monster count
 E = Non-spawn monster count
 F = Spawn count percentage of total count
 G = Total turns spent on level
                    A         B        C        D         E        F      G
               +---------+---------+-------+---------+---------+-------+---------
         Total |       0 |    1718 |   0.0 |       0 |      15 |   0.0 |   449
               +---------+---------+-------+---------+---------+-------+---------
             D |       0 |    1718 |   0.0 |       0 |      15 |   0.0 |   449
               +---------+---------+-------+---------+---------+-------+---------
